 Dungeon Crawl Stone Soup version 0.26-a0-658-gbdda728c12 (webtiles) character file.

Game seed: 16888703025393502809

231 jiml777 the Grasshopper (level 6, -1/50 HPs)
             Began as a Gnoll Warper on Oct 5, 2020.
             Slain by an ogre
             ... wielding a cursed -2 giant club
              (16 damage)
             ... on level 4 of the Dungeon.
             The game lasted 00:18:49 (3900 turns).

jiml777 the Grasshopper (Gnoll Warper)              Turns: 3900, Time: 00:18:49

Health: -1/50      AC: 10    Str: 13    XL:     6   Next: 4%
Magic:  13/13      EV:  3    Int: 18    God:
Gold:   205        SH:  0    Dex: 14    Spells: 15/15 levels left

rFire    . . .     SeeInvis .   c - +1 dagger (vamp)
rCold    . . .     Faith    .   (no shield)
rNeg     + . .     Spirit   .   s - +0 chain mail
rPois    .         Reflect  .   (no helmet)
rElec    .         Harm     .   (no cloak)
rCorr    .         Rampage  .   h - +0 pair of gloves
MR       .....                  (no boots)
Stlth    ..........             (no amulet)
HPRegen  0.16/turn              m - -4 ring of evasion (curse)
MPRegen  0.13/turn              y - ring of positive energy

@: no status effects
A: distributed training, fangs 1, strong nose
a: no special abilities


You were on level 4 of the Dungeon.
You visited 2 branches of the dungeon, and saw 5 of its levels.

You collected 205 gold pieces.

Inventory:

Hand Weapons
 c - a +1 vampiric dagger (weapon)
Missiles
 a - 5 javelins (quivered)
 e - 5 boomerangs of dispersal
 n - 19 poisoned darts
 o - 6 atropa-tipped darts
 q - 22 bolts
 r - 45 arrows
 x - 15 sling bullets
Armour
 h - a +0 pair of gloves (worn)
 s - a +0 chain mail (worn)
Jewellery
 m - a cursed -4 ring of evasion (left hand)
 u - an uncursed ring of flight
 y - a ring of positive energy (right hand)
Scrolls
 f - 3 scrolls of teleportation
 g - a scroll of enchant armour {unknown}
 k - a scroll of identify
 t - 2 scrolls of remove curse {unknown}
 v - a scroll of noise {unknown}
Potions
 i - 2 potions of ambrosia
 j - 3 potions of flight
 p - a potion of curing
 w - a potion of magic


   Skills:
 + Level 4.9 Fighting
 + Level 1.7 Short Blades
 + Level 1.7 Long Blades
 + Level 4.9 Axes
 + Level 1.7 Maces & Flails
 + Level 1.7 Polearms
 + Level 1.7 Staves
 + Level 1.7 Slings
 + Level 1.7 Bows
 + Level 1.7 Crossbows
 + Level 3.1 Throwing
 + Level 3.1 Armour
 + Level 4.9 Dodging
 + Level 1.7 Stealth
 + Level 1.7 Shields
 + Level 1.7 Unarmed Combat
 + Level 5.3 Spellcasting
 + Level 1.3 Conjurations
 + Level 1.3 Hexes
 + Level 1.3 Summonings
 + Level 1.3 Necromancy
 + Level 5.6 Translocations
 + Level 1.3 Transmutations
 + Level 1.3 Fire Magic
 + Level 1.3 Ice Magic
 + Level 1.3 Air Magic
 + Level 1.3 Earth Magic
 + Level 1.3 Poison Magic
 + Level 2.0 Invocations
 + Level 1.7 Evocations


You had 15 spell levels left.
You didn't know any spells.
Your spell library contained the following spells:

 Spells                   Type           Power        Failure   Level
 Blink                    Tloc           N/A          50%         2
 Gell's Gravitas          Tloc           ####......   75%         3
 Lesser Beckoning         Tloc           ####......   75%         3
 Teleport Other           Tloc           ####....     75%         3
 Passage of Golubria      Tloc           N/A          98%         4


Dungeon Overview and Level Annotations

Branches:
Dungeon (4/15)             Temple (1/1) D:4

Altars:
Cheibriados
Dithmenos
Fedhas
Hepliaklqana
Nemelex Xobeh
Uskayaw
Vehumet
Wu Jian
Yredelemnul
Zin

Portals:
Abyss: D:3

Annotations:
D:3 2 transporters, rogsnak's ghost, amateur DsFE
D:4 3 runed translucent doors, HilariousDeathArtist's ghost, novice TeAr


Innate Abilities, Weirdness & Mutations

Your experience applies equally to all skills.
You have very sharp teeth.
Your uncanny sense of smell can sniff out nearby items.


Message History

The ogre is lightly wounded.
You hit the ogre.
The ogre is moderately wounded.
The ogre completely misses you.
You hit the ogre.
The ogre is moderately wounded.
The ogre hits you with a cursed -2 giant club!
You hit the ogre.
You feel better.
The ogre is moderately wounded.
You barely miss the ogre. You punch the ogre.
The ogre is heavily wounded.
The ogre hits you but does no damage.
You hit the ogre.
You feel better.
The ogre is severely wounded.
The ogre hits you with a cursed -2 giant club!
* * * LOW HITPOINT WARNING * * *
You hit the ogre.
You feel better.
You bite the ogre, but do no damage.
The ogre is severely wounded.
The ogre hits you with a cursed -2 giant club!
You die...

###............ ...............
#................
#..##.............
#..##..............
#..##...............
#..##...O...........
#..#.....@..........
###.......#..............
#.......##................
#.......######................
>......(. .###......##.........
#...#...............##.......#.
##. #.....#.........##.........
#. #.....###...##..##....#....
# ....... #....#......#####..


You could see an ogre.

Vanquished Creatures
  A phantom (D:3)
  7 adders
  An ooze (D:1)
  A worm (D:2)
  6 dart slugs
  3 leopard geckos
  2 orcs (D:3)
  2 ball pythons
  13 bats
  3 giant cockroaches
  6 hobgoblins
  A quokka (D:2)
  3 frilled lizards (D:2)
  7 goblins
  5 kobolds
  5 rats
66 creatures vanquished.

Vanquished Creatures (others)
  A plant (Temple)
1 creature vanquished.

Grand Total: 67 creatures vanquished

Notes
Turn   | Place    | Note
-------+----------+-------------------------------------------
     0 | D:1      | jiml777 the Gnoll Warper began the quest for the Orb.
     0 | D:1      | Reached XP level 1. HP: 20/20 MP: 6/6
   132 | D:1      | Reached XP level 2. HP: 24/26 MP: 7/7
   382 | D:1      | Reached XP level 3. HP: 31/31 MP: 9/9
   399 | D:1      | Reached skill level 5 in Spellcasting
   773 | D:1      | Reached skill level 1 in Invocations
  1009 | D:2      | Reached skill level 1 in Short Blades
  1009 | D:2      | Reached skill level 1 in Long Blades
  1009 | D:2      | Reached skill level 1 in Maces & Flails
  1009 | D:2      | Reached skill level 1 in Polearms
  1009 | D:2      | Reached skill level 1 in Staves
  1009 | D:2      | Reached skill level 1 in Slings
  1009 | D:2      | Reached skill level 1 in Bows
  1009 | D:2      | Reached skill level 1 in Crossbows
  1009 | D:2      | Reached skill level 1 in Stealth
  1009 | D:2      | Reached skill level 1 in Shields
  1009 | D:2      | Reached skill level 1 in Unarmed Combat
  1009 | D:2      | Reached skill level 1 in Evocations
  1022 | D:2      | Reached XP level 4. HP: 33/38 MP: 11/11
  1333 | D:2      | Reached skill level 1 in Conjurations
  1333 | D:2      | Reached skill level 1 in Hexes
  1333 | D:2      | Reached skill level 1 in Summonings
  1333 | D:2      | Reached skill level 1 in Necromancy
  1333 | D:2      | Reached skill level 1 in Transmutations
  1333 | D:2      | Reached skill level 1 in Fire Magic
  1333 | D:2      | Reached skill level 1 in Ice Magic
  1333 | D:2      | Reached skill level 1 in Air Magic
  1333 | D:2      | Reached skill level 1 in Earth Magic
  1333 | D:2      | Reached skill level 1 in Poison Magic
  1539 | D:3      | Found a one-way gate to the infinite horrors of the Abyss.
  1539 | D:3      | Noticed rogsnak's ghost (amateur DsFE)
  1543 | D:3      | Noticed a small abomination
  1577 | D:3      | Reached XP level 5. HP: 36/43 MP: 12/12
  2063 | D:3      | Found a transporter.
  2088 | D:3      | Identified the +5 dagger of Fopuarch {distort, rPois Int+4}
  2088 | D:3      | Noticed a big kobold
  2094 | D:3      | Found a transporter.
  2404 | D:4      | Found a staircase to the Ecumenical Temple.
  2413 | Temple   | Entered the Ecumenical Temple
  2692 | D:4      | Found a runed translucent gate.
  2692 | D:4      | Found a runed translucent gate.
  2692 | D:4      | Found a runed translucent gate.
  2692 | D:4      | Noticed HilariousDeathArtist's ghost (novice TeAr)
  2735 | D:4      | Noticed a phantom
  2735 | D:4      | Noticed an ogre
  2745 | D:4      | HP: 2/43 [ogre/cursed -2 giant club (17)]
  3659 | D:3      | Killed a phantom
  3659 | D:3      | Reached XP level 6. HP: 19/50 MP: 13/13
  3900 | D:4      | Slain by an ogre

Illustrated notes

Levels and vault maps discovered:
D:1:      dpeg_chamrin_arrival_tetris, layout_loops_ring, minmay_pentomino_o4
D:2:      layout_basic
D:3:      layout_basic, gammafunk_ghost_abyssal_escape
D:4:      layout_cave_pools, marbit_many_paths, temple_fountains,
          gammafunk_ghost_necromancy, nicolae_zen_rock_garden,
          hangedman_decor_lopped
Temple:   jpeg_temple_alley_garden

Skill      XL: |  1  2  3  4  5 |
---------------+----------------+-----
Spellcasting   | 5 |  5.3
Invocations    | 1 2 |  2.0
Short Blades   | 1 |  1.7
Long Blades    | 1 |  1.7
Maces & Flails | 1 |  1.7
Polearms       | 1 |  1.7
Staves         | 1 |  1.7
Slings         | 1 |  1.7
Bows           | 1 |  1.7
Crossbows      | 1 |  1.7
Stealth        | 1 |  1.7
Shields        | 1 |  1.7
Unarmed Combat | 1 |  1.7
Evocations     | 1 |  1.7
Conjurations   | 1 |  1.3
Hexes          | 1 |  1.3
Summonings     | 1 |  1.3
Necromancy     | 1 |  1.3
Transmutations | 1 |  1.3
Fire Magic     | 1 |  1.3
Ice Magic      | 1 |  1.3
Air Magic      | 1 |  1.3
Earth Magic    | 1 |  1.3
Poison Magic   | 1 |  1.3
Throwing       | 3 |  3.1
Armour         | 3 |  3.1
Fighting       | |  4.9
Axes           | |  4.9
Dodging        | |  4.9
Translocations | |  5.6

Action                   |  1- 3 |  4- 6 || total
-------------------------+-------+-------++-------
Melee: Dagger            |   122 |   303 ||   425
       Bite              |    13 |    35 ||    48
       Punch             |       |     1 ||     1
Throw: Dart              |       |    26 ||    26
       Javelin           |       |     8 ||     8
  Use: Scroll            |       |     6 ||     6
       Potion            |       |     2 ||     2
Armor: Leather armour    |    14 |       ||    14
       Scale mail        |    33 |    17 ||    50
       Chain mail        |       |   139 ||   139
Dodge: Dodged            |    89 |    84 ||   173

Table legend: (Time is in decaauts)
 A = Elapsed time spent in this place.
 B = Non-inter-level travel time spent in this place.
 C = Inter-level travel time spent in this place.
 D = Time resting spent in this place.
 E = Time spent auto-exploring this place.
 F = Levels seen in this place.
 G = Mean time per level.
                   A        B        C        D        E       F      G
               +--------+--------+--------+--------+--------+-----+--------+
         Total |   3878 |   3745 |    133 |    867 |   1580 |   5 |  775.6 |
       Dungeon |   3610 |   3505 |    105 |    867 |   1420 |   4 |  902.5 |
        Temple |    268 |    240 |     28 |      0 |    160 |   1 |  268.0 |
               +--------+--------+--------+--------+--------+-----+--------+

Top non-repeatable levels by time:
     D:3: 1294 daAuts
     D:2: 1281 daAuts
     D:1: 949 daAuts
  Temple: 268 daAuts
     D:4: 84 daAuts
